 Dungeon Crawl Stone Soup version 0.30-b1-2-g02819fbbbe (webtiles) character file.

Game seed: 16039335339192096301

946 redmage the Geomancer (level 8, -2/58 HPs)
             Began as a Meteoran Earth Elementalist on July 27, 2023.
             Was an Initiate of Sif Muna.
             Killed from afar by a white imp (8 damage)
             ... with a puff of frost
             ... on level 7 of the Dungeon.
             The game lasted 00:17:00 (964 turns).

redmage the Geomancer (Meteoran Earth Elementalist)  Turns: 964, Time: 00:17:00

Health: -2/58      AC:  3    Str:  9    XL:     8   Next: 61%
Magic:  2/13       EV: 17    Int: 20    God:    Sif Muna [......]
Gold:   146        SH:  0    Dex: 14    Spells: 7/13 levels left

rFire   . . .        s - +0 scimitar (flame)
rCold   . . .        (no shield)
rNeg    . . .        a - +0 robe
rPois   .            (no helmet)
rElec   .            (no cloak)
rCorr   +            p - +0 pair of gloves
SInv    .            (no boots)
Will    +....        (no amulet)
Stlth   +            m - +5 ring of evasion
HPRegen 0.29/turn    f - ring of resist corrosion
MPRegen 0.13/turn

%: no passive effects
@: marked, hasted, glowing, very quick
A: sense surroundings 1, otherworldly, glowing, explore regen
a: Renounce Religion


You were on level 7 of the Dungeon.
You worshipped Sif Muna.
Sif Muna was noncommittal.
You visited 2 branches of the dungeon, and saw 9 of its levels.

You collected 146 gold pieces.

Inventory:

Hand Weapons
 s - a +0 scimitar of flaming (weapon)
Missiles
 t - 4 boomerangs
Armour
 a - a +0 robe (worn)
 p - a +0 pair of gloves (worn)
Jewellery
 f - a ring of resist corrosion (right hand)
 m - a +5 ring of evasion (left hand)
 n - a ring of positive energy
Wands
 h - a wand of flame (26)
 q - a wand of paralysis (5)
Scrolls
 c - 2 scrolls of silence
 d - a scroll of magic mapping
 k - a scroll of poison {unknown}
 l - 3 scrolls of enchant armour
Potions
 b - a potion of magic
 e - a potion of cancellation
 g - 2 potions of haste
 i - 2 potions of heal wounds
 j - a potion of lignification
 o - a potion of invisibility {unknown}


   Skills:
 + Level 0.3 Fighting
 + Level 0.3 Armour
 - Level 2.8 Dodging
 - Level 1.6 Stealth
 + Level 3.2 Spellcasting
 - Level 7.0 Conjurations
 - Level 1.9 Transmutations
 - Level 8.2 Earth Magic
 + Level 0.4 Invocations


You had 7 spell levels left.
You knew the following spells:

 Your Spells              Type           Power      Damage    Failure   Level
a - Sandblast             Erth           72%        2d16      1%          1
b - Passwall              Tmut/Erth      19%        N/A       2%          2
c - Stone Arrow           Conj/Erth      66%        3d11      1%          3

Your spell library contained the following spells:

 Spells                   Type           Power      Damage    Failure   Level
 Momentum Strike          Conj/Tloc      34%        3d8       4%          2
 Lee's Rapid Deconstruct  Erth           18%        3d11*     13%         5
 Petrify                  Tmut/Erth      23%        N/A       17%         4
 Blink                    Tloc           6%         N/A       22%         2
 Lesser Beckoning         Tloc           6%         N/A       22%         2
 Fulminant Prism          Conj/Hex       8%         3d7       32%         4
 Iskenderun's Mystic Bla  Conj/Tloc      17%        2d5       32%         4
 Volatile Blastmotes      Fire/Tloc      6%         2d10      38%         3


Dungeon Overview and Level Annotations

Branches:
Dungeon (8/15) Zot: 3844   Temple (1/1) D:6 Zot: 539
   Lair: D:8-11

Altars:
Cheibriados
Gozag
Hepliaklqana
Makhleb
Okawaru
Qazlal
Sif Muna
Uskayaw
Wu Jian
The Shining One

Annotations:
D:7 1 transporter, Mesmaeker13's ghost, novice DECj


Innate Abilities, Weirdness & Mutations

You passively map a small area around you.
You are easily found by Zot.
You glow in the dark.
You regain HP and MP as you explore.


Message History

Press: ? - help, Shift-Dir - straight line, f/p - steam dragon
Aim: a steam dragon (74% to hit)
The stone arrow misses the steam dragon.
You are engulfed in a cloud of scalding steam.
Unknown command.
Casting: Stone Arrow (safe; 1% risk of failure)
Confirm with . or Enter, or press ? or * to list all spells.
Aiming: Sandblast (safe; 1% risk of failure)
Press: ? - help, Shift-Dir - straight line, f/p - steam dragon
Aim: a steam dragon (steam, 84% to hit)
The blast of sand hits the steam dragon but does no damage.
The steam dragon breathes steam at you. The ball of steam misses you.
A hound comes into view.
The steam dragon bites you but does no damage.
The steam dragon claws you but does no damage.
The steam dragon attacks as you move away!
The steam dragon closely misses you. The steam dragon claws you.
Casting: Sandblast (safe; 1% risk of failure)
Confirm with . or Enter, or press ? or * to list all spells.
Aiming: Sandblast (safe; 1% risk of failure)
Press: ? - help, Shift-Dir - straight line, f/p - steam dragon
Aim: a steam dragon (84% to hit)
The blast of sand hits the steam dragon!
The steam dragon is moderately wounded.
A bullfrog comes into view.
The steam dragon breathes steam at you. The ball of steam hits you!!
Okay, then.
You feel yourself speed up.
You are engulfed in a cloud of scalding steam.
* * * LOW HITPOINT WARNING * * *
The steam dragon misses you. The steam dragon closely misses you.
The steam dragon bites you.
* * * LOW HITPOINT WARNING * * *
The steam dragon claws you.
* * * LOW HITPOINT WARNING * * *
The white imp gestures at you. The puff of frost hits you!
You die...

, #.>.<...# #.#
,,#©.=5#©...# ,
####...####.##.,...#$#..###
#.#####.F©#.#...#.##.# *
..##.D...##5.##.#W,#.# ,
,.#> #F#W5.#...#.#.# ,* ##
. #h##5...#..##.# ,* .#
#5D## ....,#[.# , ,*##
##§.##### ##.##
##.@...###..# #####.....##
* #######


You could see a steam dragon (catching breath), a bullfrog, a hound and a white
imp.

Vanquished Creatures
  A water moccasin (D:5)
  A sky beast (D:8)
  2 black bears
  2 scorpions (D:4)
  A killer bee (D:7)
  3 hounds
  A jelly (D:6)
  A gnoll bouda (D:5)
  An orc priest (D:6)
  An iguana (D:5)
  2 orc wizards (D:6)
  3 gnolls (D:5)
  4 adders
  A shadow imp (D:6)
  An ufetubus (D:5)
  4 worms
  2 dart slugs (D:1)
  9 orcs
  2 bats (D:1)
  7 endoplasms
  2 giant cockroaches
  2 goblins (D:1)
  6 hobgoblins
  3 kobolds
  A quokka (D:1)
  3 ball pythons
  5 rats
71 creatures vanquished.

Notes
Turn   | Place    | Note
-------+----------+-------------------------------------------
     0 | D:1      | redmage the Meteoran Earth Elementalist began the quest for
                  | the Orb.
     0 | D:1      | Reached XP level 1. HP: 14/14 MP: 5/5
    36 | D:1      | Reached XP level 2. HP: 19/20 MP: 2/6
   111 | D:1      | Reached XP level 3. HP: 26/26 MP: 4/8
   121 | D:1      | Learned a level 2 spell: Passwall
   125 | D:1      | Learned a level 3 spell: Stone Arrow
   155 | D:2      | Reached skill level 4 in Earth Magic
   290 | D:4      | Reached XP level 4. HP: 33/33 MP: 7/9
   293 | D:4      | Reached skill level 1 in Conjurations
   370 | D:5      | Entered Level 5 of the Dungeon
   376 | D:5      | Noticed a black bear
   383 | D:5      | Killed a black bear
   384 | D:5      | Reached skill level 5 in Earth Magic
   384 | D:5      | Reached XP level 5. HP: 38/38 MP: 2/10
   384 | D:5      | Reached XP level 6. HP: 45/45 MP: 2/11
   466 | D:4      | Reached skill level 6 in Earth Magic
   496 | D:4      | Reached XP level 7. HP: 36/50 MP: 4/12
   520 | D:4      | Reached skill level 5 in Conjurations
   575 | D:4      | Found a burning altar of Makhleb.
   577 | D:4      | Reached skill level 7 in Earth Magic
   660 | D:5      | Found an opulent altar of Gozag.
   674 | D:5      | Noticed a water moccasin
   681 | D:5      | Killed a water moccasin
   682 | D:5      | Reached XP level 8. HP: 57/57 MP: 5/13
   718 | D:6      | Found a staircase to the Ecumenical Temple.
   726 | Temple   | Entered the Ecumenical Temple
   761 | Temple   | Became a worshipper of Sif Muna the Loreminder
   895 | D:8      | Reached skill level 8 in Earth Magic
   927 | D:7      | Found a transporter.
   931 | D:7      | Noticed Mesmaeker13's ghost (novice DECj)
   952 | D:7      | Noticed a steam dragon
   964 | D:7      | Killed from afar by a white imp

Illustrated notes

Levels and vault maps discovered:
D:1:      minmay_arrival_cross, layout_rooms
D:2:      wander_river, layout_rooms, st_stairs_5, nicolae_wormholes
D:3:      layout_rooms, hangedman_abyss_or_decor_stabs
D:4:      layout_basic, makhleb_heckhound_becter
D:5:      layout_loops_ring, grunt_gozag_statues, serial_shops,
          nicolae_shop_tiny_statue_garden, minmay_checkerbox
D:6:      layout_gridville, mainiacjoe_overflow_paths,
          minmay_temple_entry_junction, serial_shops, shop, shop,
          nicolae_shop_real_fake_doors
D:7:      layout_rooms, nicolae_ru_path_of_blood, gammafunk_ghost_stat_death
D:8:      layout_basic, nemelex_altar_shiori, minmay_lair_entry_grove
Temple:   regret_index_temple_sphere_string

Skill      XL: |  1  2  3  4  5  6  7  8 |
---------------+-------------------------+-----
Spellcasting   | 3 |  3.2
Earth Magic    | 4 5 6 7 8 |  8.2
Conjurations   | 3 4 6 7 |  7.0
Fighting       | |  0.3
Armour         | |  0.3
Dodging        | |  2.8
Stealth        | |  1.6
Transmutations | |  1.9
Invocations    | |  0.4

Action                     |  1- 3 |  4- 6 |  7- 9 || total
---------------------------+-------+-------+-------++-------
  Melee: Unarmed           |       |       |     1 ||     1
   Cast: Sandblast         |    39 |    30 |    37 ||   106
         Stone Arrow       |       |     7 |    14 ||    21
         Passwall          |       |     1 |     9 ||    10
    Use: Scroll            |       |     5 |     3 ||     8
         Potion            |       |       |     1 ||     1
 Armour: Robe              |    20 |     1 |     7 ||    28
  Dodge: Dodged            |    29 |    28 |    35 ||    92
